3L
NASHVILLE OUTLAWS @ PANAMA CITY PIRANHAS
07/28/2042
 
TOP OF THE 1ST
Nashville Outlaws batting - Pitching for Panama City Piranhas : RHP Román Mejía
Pitching: RHP Román Mejía
Batting: LHB Daniel Page 0-0: Fly out, F9 (Line Drive, 9, EV 89.4 MPH)
Batting: LHB Juan Santángel 0-0: Ball
1-0: Swinging Strike
1-1: Ground out 4-3 (Groundball, 4M, EV 81.9 MPH)
Batting: LHB Nikolai Volkoff 0-0: Ball
1-0: Swinging Strike
1-1: Ball
2-1: Ball
3-1: Base on Balls
Batting: RHB Shimei Miura 0-0: Called Strike
0-1: Swinging Strike
0-2: Ball
1-2: Foul Ball, location: 2F
1-2: Fly out, F7 (Line Drive, 7, EV 95.6 MPH)
Top of the 1st over - 0 runs, 0 hits, 0 errors, 1 left on base; Nashville 0 - Panama City 0
BOTTOM OF THE 1ST
Panama City Piranhas batting - Pitching for Nashville Outlaws : RHP Carlos Simon
Pitching: RHP Carlos Simon
Batting: LHB Oasiz Wiesblatt 0-0: Ball
1-0: Foul Ball, location: 2F
1-1: Ball
2-1: Foul Ball, location: 2F
2-2: Ball
3-2: Foul Ball, location: 2F
3-2: Base on Balls
Batting: RHB Blaze Alexander 0-0: Foul Ball, location: 2F
0-1: Swinging Strike
0-2: SINGLE (Groundball, 3, EV 104.4 MPH) (infield hit)
Oasiz Wiesblatt to second
Batting: RHB Carsello Scruggins 0-0: Ball
1-0: Foul Ball, location: 2F
1-1: Fly out, F8 (Line Drive, 8LM, EV 91.9 MPH)
Batting: LHB Ji-e Loh 0-0: Called Strike
0-1: Foul Ball, location: 2F
0-2: Ball
1-2: Strikes out swinging
Batting: RHB Silvian Burger 0-0: Foul Ball, location: 2F
0-1: Ball
1-1: Foul Ball, location: 2F
1-2: SINGLE (Groundball, 6MD, EV 107.5 MPH)
Oasiz Wiesblatt to third
Blaze Alexander to second
Batting: LHB Obidiah Lewis 0-0: Foul Ball, location: 2F
0-1: Ground out 4-3 (Groundball, 4, EV 103.1 MPH)
Bottom of the 1st over - 0 runs, 2 hits, 0 errors, 3 left on base; Nashville 0 - Panama City 0
TOP OF THE 2ND
Nashville Outlaws batting - Pitching for Panama City Piranhas : RHP Román Mejía
Batting: LHB Bartolo Soto 0-0: Ball
1-0: Ball
2-0: Foul Ball, location: 2F
2-1: Foul Ball, location: 2F
2-2: Hit by Pitch
Batting: RHB Broderick Sarcoma 0-0: Fly out, F8 (Line Drive, 8LM, EV 93.8 MPH)
Batting: RHB Jong-yun Rhee 0-0: Called Strike
0-1: SINGLE (Groundball, 6MD, EV 110.6 MPH)
Bartolo Soto to second
Runner from 2nd tries for 3rd, SAFE, no throw by CF
Batting: LHB Duff Eckstein 0-0: Ball
1-0: Ball
2-0: Foul Ball, location: 2F
2-1: Foul Ball, location: 2F
2-2: Foul Ball, location: 2F
2-2: Grounds into double play, 4-6-3 (Groundball, 4, EV 87.5 MPH)
Top of the 2nd over - 0 runs, 1 hit, 0 errors, 1 left on base; Nashville 0 - Panama City 0
BOTTOM OF THE 2ND
Panama City Piranhas batting - Pitching for Nashville Outlaws : RHP Carlos Simon
Batting: LHB Aurelius Estrada 0-0: Ground out 5-3 (Groundball, 56, EV 101.9 MPH)
Batting: LHB Hugh Hill 0-0: SINGLE (Groundball, 34S, EV 79.4 MPH) (infield hit)
Batting: RHB Hyeon-cheong Kim 0-0: Ball
1-0: Called Strike
1-1: Foul Ball, location: 2F
1-2: Foul Ball, location: 2F
1-2: Ball
2-2: Ball
3-2: Fly out, F9 (Flyball, 89S, EV 92.5 MPH)
Batting: LHB Oasiz Wiesblatt 0-0: Called Strike
0-1: Foul Ball, location: 2F
0-2: Ball
1-2: Ball
2-2: Strikes out looking
Bottom of the 2nd over - 0 runs, 1 hit, 0 errors, 1 left on base; Nashville 0 - Panama City 0
TOP OF THE 3RD
Nashville Outlaws batting - Pitching for Panama City Piranhas : RHP Román Mejía
Batting: LHB Wilson Hernández 0-0: Ball
1-0: Swinging Strike
1-1: Foul Ball, location: 2F
1-2: Ball
2-2: Ground out 4-3 (Groundball, 34D, EV 79.4 MPH)
Batting: LHB Daniel Page 0-0: Called Strike
0-1: Ball
1-1: Ball
2-1: Ball
3-1: Base on Balls
Batting: LHB Juan Santángel 0-0: Ball
1-0: SINGLE (Groundball, 34D, EV 106.2 MPH)
Daniel Page to second
Runner from 2nd tries for 3rd, SAFE, no throw by RF
Batting: LHB Nikolai Volkoff 0-0: Called Strike
0-1: Ball
1-1: DOUBLE (Flyball, 8RXD, EV 95.6 MPH)
Daniel Page scores
Juan Santángel to third
Batting: RHB Shimei Miura 0-0: Called Strike
0-1: Ball
1-1: Ball
2-1: Ball
3-1: SINGLE (Flyball, 7LS, EV 90.0 MPH)
Juan Santángel scores
Nikolai Volkoff to third
Batting: LHB Bartolo Soto 0-0: Ball
1-0: Fly out, F7 (Flyball, 78M, EV 78.1 MPH)
Batting: RHB Broderick Sarcoma 0-0: Called Strike
0-1: Ball
1-1: Fly out, F8 (Flyball, 78S, EV 85.0 MPH)
Top of the 3rd over - 2 runs, 3 hits, 0 errors, 2 left on base; Nashville 2 - Panama City 0
BOTTOM OF THE 3RD
Panama City Piranhas batting - Pitching for Nashville Outlaws : RHP Carlos Simon
Batting: RHB Blaze Alexander 0-0: Ball
1-0: Foul Ball, location: 2F
1-1: Ball
2-1: Ball
3-1: Base on Balls
Batting: RHB Carsello Scruggins 0-0: Fly out, F7 (Line Drive, 7, EV 105.6 MPH)
Batting: LHB Ji-e Loh 0-0: Called Strike
0-1: Ball
1-1: Swinging Strike
1-2: Foul Ball, location: 2F
1-2: Ball
2-2: Foul Ball, location: 2F
2-2: Foul Ball, location: 2F
2-2: Strikes out swinging
Batting: RHB Silvian Burger 0-0: Foul Ball, location: 2F
0-1: SINGLE (Groundball, 56D, EV 99.4 MPH)
Blaze Alexander to second
Batting: LHB Obidiah Lewis 0-0: Called Strike
0-1: Ground out 4-3 (Groundball, 4, EV 91.2 MPH)
Bottom of the 3rd over - 0 runs, 1 hit, 0 errors, 2 left on base; Nashville 2 - Panama City 0
TOP OF THE 4TH
Nashville Outlaws batting - Pitching for Panama City Piranhas : RHP Román Mejía
Batting: RHB Jong-yun Rhee 0-0: Ball
1-0: Ball
2-0: Foul Ball, location: 2F
2-1: Swinging Strike
2-2: Foul Ball, location: 2F
2-2: Foul Ball, location: 2F
2-2: Ball
3-2: SINGLE (Line Drive, 8LS, EV 99.4 MPH)
Batting: LHB Duff Eckstein 0-0: Ball
1-0: Called Strike
1-1: Called Strike
1-2: Fielders Choice at 2nd, 4-6 (Groundball, 4, EV 104.4 MPH)
Batting: LHB Wilson Hernández 0-0: Ball
1-0: Grounds into double play, 4-6-3 (Groundball, 4D, EV 98.1 MPH)
Top of the 4th over - 0 runs, 1 hit, 0 errors, 0 left on base; Nashville 2 - Panama City 0
BOTTOM OF THE 4TH
Panama City Piranhas batting - Pitching for Nashville Outlaws : RHP Carlos Simon
Batting: LHB Aurelius Estrada 0-0: Swinging Strike
0-1: Called Strike
0-2: Ground out 4-3 (Groundball, 4M, EV 84.4 MPH)
Batting: LHB Hugh Hill 0-0: Swinging Strike
0-1: Ground out 6-3 (Groundball, 6S, EV 65.6 MPH)
Batting: RHB Hyeon-cheong Kim 0-0: Ball
1-0: Called Strike
1-1: Ball
2-1: Foul Ball, location: 2F
2-2: Ball
3-2: Foul Ball, location: 2F
3-2: Ground out 6-3 (Groundball, 6, EV 100.6 MPH)
Bottom of the 4th over - 0 runs, 0 hits, 0 errors, 0 left on base; Nashville 2 - Panama City 0
TOP OF THE 5TH
Nashville Outlaws batting - Pitching for Panama City Piranhas : RHP Román Mejía
Batting: LHB Daniel Page 0-0: Foul Ball, location: 2F
0-1: Ball
1-1: Foul Ball, location: 2F
1-2: Ground out 1-3 (Groundball, P, EV 84.4 MPH)
Batting: LHB Juan Santángel 0-0: Ball
1-0: Called Strike
1-1: Foul Ball, location: 2F
1-2: SINGLE (Groundball, 34, EV 81.9 MPH) (infield hit)
Batting: LHB Nikolai Volkoff 0-0: Called Strike
0-1: Ball
1-1: Swinging Strike
1-2: Ball
2-2: Ball
3-2: SINGLE (Line Drive, 78S, EV 95.6 MPH)
Juan Santángel to second
Runner from 2nd tries for 3rd, SAFE, no throw by LF
Batting: RHB Shimei Miura 0-0: Ball
1-0: Ball
2-0: Ball
3-0: Base on Balls
Nikolai Volkoff to second
Batting: LHB Bartolo Soto 0-0: Fielders Choice at 2nd, 4-6 (Groundball, 34, EV 86.9 MPH)
Juan Santángel scores
Nikolai Volkoff to third
Batting: RHB Broderick Sarcoma 0-0: Ball
1-0: Ground out 1-3 (Groundball, P, EV 85.0 MPH)
Top of the 5th over - 1 run, 2 hits, 0 errors, 2 left on base; Nashville 3 - Panama City 0
BOTTOM OF THE 5TH
Panama City Piranhas batting - Pitching for Nashville Outlaws : RHP Carlos Simon
Batting: LHB Oasiz Wiesblatt 0-0: Ball
1-0: Swinging Strike
1-1: SINGLE (Line Drive, 89M, EV 103.8 MPH)
Batting: RHB Blaze Alexander 0-0: Called Strike
0-1: Ball
1-1: Swinging Strike
1-2: Strikes out swinging
Batting: RHB Carsello Scruggins 0-0: Ball
1-0: Foul Ball, location: 2F
1-1: Ball
2-1: Ball
3-1: Base on Balls
Oasiz Wiesblatt to second
Batting: LHB Ji-e Loh 0-0: Ball
1-0: Fly out, F7 (Flyball, 78S, EV 88.8 MPH)
Batting: RHB Silvian Burger 0-0: Foul Ball, location: 2F
0-1: Foul Ball, location: 2F
0-2: Ball
1-2: Ball
2-2: SINGLE (Groundball, 6, EV 102.5 MPH) (infield hit)
Oasiz Wiesblatt to third
Carsello Scruggins to second
Batting: LHB Obidiah Lewis 0-0: Called Strike
0-1: Ball
1-1: Ball
2-1: Ground out 1-3 (Groundball, 13S, EV 66.2 MPH)
Bottom of the 5th over - 0 runs, 2 hits, 0 errors, 3 left on base; Nashville 3 - Panama City 0
TOP OF THE 6TH
Nashville Outlaws batting - Pitching for Panama City Piranhas : RHP Román Mejía
Batting: RHB Jong-yun Rhee 0-0: Ball
1-0: Fly out, F9 (Flyball, 9S, EV 78.8 MPH)
Batting: LHB Duff Eckstein 0-0: Called Strike
0-1: Ground out 6-3 (Groundball, 6, EV 103.1 MPH)
Batting: LHB Wilson Hernández 0-0: Called Strike
0-1: Ball
1-1: Ball
2-1: Fly out, F8 (Flyball, 89D, EV 94.4 MPH)
Top of the 6th over - 0 runs, 0 hits, 0 errors, 0 left on base; Nashville 3 - Panama City 0
BOTTOM OF THE 6TH
Panama City Piranhas batting - Pitching for Nashville Outlaws : RHP Carlos Simon
Pitching: RHP Frank Butler
Batting: LHB Aurelius Estrada 0-0: Ball
1-0: Ball
2-0: SINGLE (Groundball, 34D, EV 94.4 MPH)
Batting: LHB Hugh Hill 0-0: Ball
1-0: Foul Ball, location: 2F
1-1: Called Strike
1-2: Foul Ball, location: 2F
1-2: Fly out, F7 (Flyball, 7, EV 90.0 MPH)
Batting: RHB Hyeon-cheong Kim 0-0: Swinging Strike
0-1: Ball
1-1: Ball
2-1: Ball
3-1: Called Strike
3-2: Foul Ball, location: 2F
3-2: DOUBLE (Line Drive, 78XD, EV 104.4 MPH)
Aurelius Estrada to third
Batting: LHB Oasiz Wiesblatt 0-0: Ball
1-0: Ball
2-0: Foul Ball, location: 2F
2-1: Foul Ball, location: 2F
2-2: Ball
3-2: SINGLE (Flyball, 56D, EV 83.8 MPH)
Aurelius Estrada scores
Hyeon-cheong Kim to third
Runner from 3rd tries for Home, SAFE, no throw by LF
Batting: RHB Blaze Alexander 0-0: Fly out, F7 (Flyball, 78S, EV 96.9 MPH)
Batting: RHB Carsello Scruggins 0-0: Ball
1-0: Foul Ball, location: 2F
1-1: Swinging Strike
1-2: Fly out, F8 (Line Drive, 8LM, EV 98.8 MPH)
Bottom of the 6th over - 2 runs, 3 hits, 0 errors, 1 left on base; Nashville 3 - Panama City 2
TOP OF THE 7TH
Nashville Outlaws batting - Pitching for Panama City Piranhas : RHP Román Mejía
Pitching: LHP Gunner Cross
Batting: LHB Daniel Page 0-0: Called Strike
0-1: Ground out 6-3 (Groundball, 6D, EV 96.2 MPH)
Batting: LHB Juan Santángel 0-0: Called Strike
0-1: Foul Ball, location: 2F
0-2: Ball
1-2: Foul Ball, location: 2F
1-2: Ball
2-2: Foul Ball, location: 2F
2-2: Foul Ball, location: 2F
2-2: SINGLE (Groundball, 4, EV 102.5 MPH) (infield hit)
Batting: LHB Nikolai Volkoff 0-0: Called Strike
Juan Santángel steals 2nd base (no throw)
0-1: Called Strike
0-2: Strikes out looking
Batting: RHB Shimei Miura 0-0: Called Strike
0-1: Ball
1-1: Ball
2-1: 2-RUN HOME RUN (Flyball, 78XD, EV 91.9 MPH), Distance : 418 ft
Batting: LHB Bartolo Soto 0-0: Ground out 4-3 (Groundball, 4, EV 99.4 MPH)
Top of the 7th over - 2 runs, 2 hits, 0 errors, 0 left on base; Nashville 5 - Panama City 2
BOTTOM OF THE 7TH
Panama City Piranhas batting - Pitching for Nashville Outlaws : RHP Frank Butler
Batting: LHB Ji-e Loh 0-0: Ground out 6-3 (Groundball, 6, EV 79.4 MPH)
Batting: RHB Silvian Burger 0-0: Called Strike
0-1: Ball
1-1: Fly out, F8 (Flyball, 8RM, EV 86.9 MPH)
Batting: LHB Obidiah Lewis 0-0: Ball
1-0: Ground out 6-3 (Groundball, 6, EV 89.4 MPH)
Bottom of the 7th over - 0 runs, 0 hits, 0 errors, 0 left on base; Nashville 5 - Panama City 2
TOP OF THE 8TH
Nashville Outlaws batting - Pitching for Panama City Piranhas : LHP Gunner Cross
Batting: RHB Broderick Sarcoma 0-0: Called Strike
0-1: Ball
1-1: Called Strike
1-2: Foul Ball, location: 2F
1-2: Ball
2-2: DOUBLE (Line Drive, 78XD, EV 107.5 MPH)
Pitching: RHP José Rosales
Batting: RHB Jong-yun Rhee 0-0: SINGLE (Line Drive, 7S, EV 88.8 MPH)
Broderick Sarcoma to third
Runner from 3rd tries for Home, SAFE, no throw by LF
Batting: LHB Duff Eckstein 0-0: Called Strike
0-1: Swinging Strike
0-2: Fly out, F9 (Line Drive, 9, EV 95.0 MPH)
Batting: LHB Wilson Hernández 0-0: Ball
1-0: Foul Ball, location: 2F
1-1: Foul Ball, location: 2F
1-2: Grounds into double play, 4-6-3 (Groundball, 34, EV 85.6 MPH)
Top of the 8th over - 1 run, 2 hits, 0 errors, 0 left on base; Nashville 6 - Panama City 2
BOTTOM OF THE 8TH
Panama City Piranhas batting - Pitching for Nashville Outlaws : RHP Frank Butler
Batting: LHB Aurelius Estrada 0-0: Ball
1-0: Called Strike
1-1: SINGLE (Groundball, 34D, EV 110.0 MPH)
Pitching: LHP Bob Bolen
Batting: LHB Hugh Hill 0-0: Swinging Strike
Passed Ball!
Aurelius Estrada to second
0-1: Called Strike
0-2: Strikes out swinging
Batting: RHB Hyeon-cheong Kim 0-0: Ball
1-0: Called Strike
1-1: Ball
2-1: Swinging Strike
2-2: Ball
3-2: Ground out 4-3 (Groundball, 4, EV 103.8 MPH)
Aurelius Estrada to third
Batting: LHB Oasiz Wiesblatt 0-0: Ball
1-0: Foul Ball, location: 2F
1-1: Called Strike
1-2: Ball
2-2: SINGLE (Line Drive, 78M, EV 86.9 MPH)
Aurelius Estrada scores
Batting: RHB Blaze Alexander 0-0: Ball
1-0: Ball
2-0: Called Strike
2-1: Called Strike
2-2: Ball
3-2: DOUBLE (Line Drive, 7LS, EV 98.1 MPH)
Oasiz Wiesblatt to third
Oasiz Wiesblatt scores
Batting: RHB Carsello Scruggins 0-0: Foul Ball, location: 2F
0-1: Fly out, F9 (Flyball, 9, EV 84.4 MPH)
Bottom of the 8th over - 2 runs, 3 hits, 0 errors, 1 left on base; Nashville 6 - Panama City 4
TOP OF THE 9TH
Nashville Outlaws batting - Pitching for Panama City Piranhas : RHP José Rosales
Batting: LHB Daniel Page 0-0: Ball
1-0: Ball
2-0: Called Strike
2-1: Ball
3-1: Foul Ball, location: 2F
3-2: SINGLE (Line Drive, 56, EV 110.0 MPH)
Batting: LHB Juan Santángel 0-0: Ball
1-0: Ball
2-0: Called Strike
2-1: Fielders Choice at 2nd, 4-6 (Groundball, 34, EV 98.1 MPH)
Batting: LHB Nikolai Volkoff 0-0: Called Strike
0-1: Ball
1-1: Fly out, F3 (Line Drive, 3, EV 68.8 MPH)
Batting: RHB Shimei Miura 0-0: Ball
1-0: Ground out 6-3 (Groundball, 6, EV 103.1 MPH)
Top of the 9th over - 0 runs, 1 hit, 0 errors, 1 left on base; Nashville 6 - Panama City 4
BOTTOM OF THE 9TH
Panama City Piranhas batting - Pitching for Nashville Outlaws : LHP Bob Bolen
Pitching: RHP Gerald Plomp
Batting: LHB Ji-e Loh 0-0: Foul Ball, location: 2F
0-1: Ball
1-1: SINGLE (Groundball, 4D, EV 98.1 MPH)
Batting: RHB Silvian Burger 0-0: Ball
1-0: Ball
2-0: Ball
3-0: Called Strike
3-1: Fielders Choice at 2nd, 1-6 (Groundball, 13, EV 80.6 MPH)
Batting: LHB Obidiah Lewis 0-0: Ball
1-0: Fly out, F8 (Flyball, 8RD, EV 92.5 MPH)
Batting: LHB Aurelius Estrada 0-0: Ball
1-0: Called Strike
1-1: Foul Ball, location: 2F
1-2: Fly out, F7 (Flyball, 7LS, EV 93.1 MPH)
Bottom of the 9th over - 0 runs, 1 hit, 0 errors, 1 left on base; Nashville 6 - Panama City 4
Friday, March 26th, 2021 - OOTP Baseball 20.8 Build 74